 Dungeon Sprint DCSS version 0.29-a0-330-g52719c12eb (webtiles) character file.

Game seed: 2033485785249884023

175 jt the Unseen (level 5, -5/31 HPs)
             Began as an Octopode Enchanter on May 7, 2022.
             Was an Initiate of Gozag.
             Slain by a wraith (13 damage)
             ... in the Dungeon (Sprint IX: "|||||||||||||||||||||||||||||").
             The game lasted 00:01:47 (265 turns).

jt the Unseen (Octopode Enchanter)                   Turns: 265, Time: 00:01:53

Health: -5/31      AC:  1    Str: 10    XL:     5   Next: 55%
Magic:  4/8        EV: 15    Int: 17    God:    Gozag
Gold:   0          SH:  0    Dex: 15    Spells: 6/8 levels left

rFire   . . .      SeeInvis .   k - +2 rapier (drain)
rCold   . . .      Faith    .   (no shield)
rNeg    . . .      Spirit   .   (helmet restricted)
rPois   .          Reflect  .   (no amulet)
rElec   .          Harm     .   m - +2 ring of evasion
rCorr   .          Rampage  .   n - +3 ring of strength
Will    .....      NoTele   +   (no ring)
Stlth   +++++++...              (no ring)
HPRegen 0.10/turn               (no ring)
MPRegen 0.11/turn               (no ring)
                                (no ring)
                                (no ring)

@: very slightly contaminated, slowed, invisible, very slow
A: almost no armour, amphibious, 8 rings, camouflage 1, gelatinous body 1,
(nimble swimmer 1), tentacles
a: Renounce Religion, Potion Petition, Call Merchant, Bribe Branch


You were in the Dungeon.
You worshipped Gozag.
Gozag was noncommittal.
You visited 1 branch

Inventory:

Hand Weapons
 a - a +1 short sword of speed
 d - a +1 dagger of protection
 k - a +2 rapier of draining (weapon)
 l - a +2 scimitar of holy wrath
Jewellery
 m - a +2 ring of evasion (left tentacle)
 n - a +3 ring of strength (right tentacle)
Wands
 j - a wand of iceblast (9)
Scrolls
 h - 2 scrolls of blinking
 i - 2 scrolls of amnesia
Potions
 b - 2 potions of invisibility
 c - 5 potions of curing
 e - a potion of haste
 f - 4 potions of magic


   Skills:
 - Level 1.0 Short Blades
 - Level 2.0 Dodging
 + Level 15.5 Stealth
 - Level 2.0 Spellcasting
 - Level 3.0 Hexes


You had 6 spell levels left.
You knew the following spells:

 Your Spells              Type           Power      Damage    Failure   Level
a - Ensorcelled Hibernat  Hex/Ice        12%        N/A       16%         2

Your spell library contained the following spells:

 Spells                   Type           Power      Damage    Failure   Level
 Confusing Touch          Hex            11%        N/A       17%         3
 Tukima's Dance           Hex            11%        N/A       17%         3
 Dazzling Flash           Conj/Hex       12%        N/A       30%         3


Dungeon Overview and Level Annotations

Branches:
Dungeon (1/1)

Altars:
Cheibriados
Dithmenos
Elyvilon
Fedhas
Gozag
Hepliaklqana
Kikubaaqudgha
Makhleb
Nemelex Xobeh
Okawaru
Qazlal
Ru
Sif Muna
Trog
Uskayaw
Vehumet
Wu Jian
Xom
Yredelemnul
Zin
The Shining One
Beogh
Jiyva
Lugonu


Innate Abilities, Weirdness & Mutations

You cannot wear most types of armour.
You are amphibious.
You can wear up to eight rings at the same time.
Your skin changes colour to match your surroundings (Stealth+).
Your rubbery body absorbs attacks. (AC +1, EV +1)
((You are camouflaged when in or above water. (Stealth+)))
You have tentacles for arms and can constrict up to eight enemies at once.


Message History

Aiming: Ensorcelled Hibernation (safe; 16% risk of failure)
Press: ? - help, Shift-Dir - straight line, f/p - orc warrior
Aim: an orc warrior, wielding a +0 halberd and wearing a +0 chain mail (lightly wounded, can't see you, chance to affect: 39%)
The orc warrior looks drowsy...
The helpless orc warrior fails to defend itself.
You spit the orc warrior like a pig!!!
You kill the orc warrior!
The centaur is distracted by your dazzling golden aura.
Your Stealth skill gained 3 levels and is now at level 15!
You have reached level 5!
You feel agile. The wraith attacks as you move away!
The wraith closely misses you.
Okay, then.
Okay, then.
Okay, then.
The centaur shouts!
You hit the wraith but do no damage.
The wraith is lightly damaged.
The centaur is no longer distracted by gold.
The wraith hits you!
* * * LOW HITPOINT WARNING * * *
The wraith drains your vigour!
You feel yourself slow down.
You feel much better. The wraith hits you! The wraith drains your vigour!
You feel as though you will be slow longer.
The wraith barely misses you.
Okay, then.
The yak bellows!
You hit the wraith but do no damage.
You tentacle-slap the wraith, but do no damage.
The wraith is lightly damaged.
The wraith barely misses you.
The centaur wields a +0 shortbow.
The centaur shoots an arrow.
The arrow hits the wraith!
Okay, then.
You hit the wraith but do no damage.
The wraith is heavily damaged.
The wraith hits you!
* * * LOW HITPOINT WARNING * * *
The centaur shoots an arrow.
The wraith hits you!
You die...
Your body crumbles into a pile of gold. $$$$$ $ $ $ $$$$$ $$$$$$$ $ $ $ ▓▓▓▓▓▓▓▓▓▓▓▓▓▓▓▓▓▓▓▓▓▓▓▓▓▓ +.Yc..${W@[[[.)..'________ ▓▓▓▓▓▓▓▓▓▓▓▓▓▓▓▓▓▓▓▓▓▓▓▓▓▓

You could see a yak (wandering, can't see you), a wraith and a centaur (can't see you).

Vanquished Creatures
  An orc warrior (D)
  A hound (D)
  An orc wizard (D)
  A gnoll (D)
  A dart slug (D)
  3 orcs (D)
  An endoplasm (D)
  A goblin (D)
  A hobgoblin (D)
  A quokka (D)
12 creatures vanquished.

Notes
Turn   | Place    | Note
-------+----------+-------------------------------------------
     0 | D        | jt the Octopode Enchanter began the quest for the Orb.
     0 | D        | Reached XP level 1. HP: 11/11 MP: 3/3
     6 | D        | Reached skill level 5 in Stealth
    10 | D        | Reached skill level 6 in Stealth
    19 | D        | Reached XP level 2. HP: 13/17 MP: 5/5
    21 | D        | Reached skill level 7 in Stealth
   172 | D        | Learned a level 2 spell: Ensorcelled Hibernation
   180 | D        | Reached skill level 8 in Stealth
   189 | D        | Reached skill level 11 in Stealth
   189 | D        | Reached XP level 3. HP: 21/21 MP: 6/6
   201 | D        | Found a snail-covered altar of Cheibriados.
   201 | D        | Found a shadowy altar of Dithmenos.
   201 | D        | Found a white marble altar of Elyvilon.
   201 | D        | Found a blossoming altar of Fedhas.
   201 | D        | Found an opulent altar of Gozag.
   202 | D        | Found a hazy altar of Hepliaklqana.
   203 | D        | Found a viscous altar of Jiyva.
   204 | D        | Found an ancient bone altar of Kikubaaqudgha.
   205 | D        | Found a corrupted altar of Lugonu.
   206 | D        | Found a burning altar of Makhleb.
   207 | D        | Found a sparkling altar of Nemelex Xobeh.
   208 | D        | Found an iron altar of Okawaru.
   209 | D        | Became a worshipper of Gozag Ym Sagoz the Greedy
   210 | D        | Found a stormy altar of Qazlal.
   211 | D        | Found a sacrificial altar of Ru.
   212 | D        | Found a shimmering blue altar of Sif Muna.
   213 | D        | Found a bloodstained altar of Trog.
   214 | D        | Found a hide-covered altar of Uskayaw.
   215 | D        | Found a radiant altar of Vehumet.
   216 | D        | Found an ornate altar of the Wu Jian Council.
   217 | D        | Found a shimmering altar of Xom.
   218 | D        | Found a basalt altar of Yredelemnul.
   219 | D        | Found a glowing silver altar of Zin.
   220 | D        | Found a glowing golden altar of the Shining One.
   248 | D        | Noticed a yak
   248 | D        | Noticed a centaur
   248 | D        | Noticed a shadow
   248 | D        | Noticed a wraith
   248 | D        | Noticed an orc warrior
   256 | D        | Reached skill level 12 in Stealth
   256 | D        | Reached XP level 4. HP: 13/27 MP: 7/7
   259 | D        | Killed an orc warrior
   260 | D        | Reached skill level 15 in Stealth
   260 | D        | Reached XP level 5. HP: 16/31 MP: 3/8
   262 | D        | HP: 1/31 [wraith (15)]
   265 | D        | Slain by a wraith

Illustrated notes

Levels and vault maps discovered:
D:        linesprint [early_d, line_temple, items_1, d_10, items_2, lair_1,
          lair_end, items_3, orc_1, orc_end, items_4, d_15, swamp_1, shoals_1,
          snake_1, spider_1, d_20, vaults_1, items_5, swamp_end, shoals_end,
          snake_end, spider_end, vaults_end, d_27, items_6, zot_1, zot_end,
          crypt_end, forest_end, elf_end, slime_end, tomb_end, abyss_end,
          pan_hell_end]

Skill      XL: |  1  2  3  4 |
---------------+-------------+-----
Stealth        | 6 11 12 15 | 15.5
Short Blades   | |  1.0
Dodging        | |  2.0
Spellcasting   | |  2.0
Hexes          | |  3.0

Action                   |  1- 3 |  4- 6 || total
-------------------------+-------+-------++-------
Melee: Dagger            |    23 |       ||    23
       Constrict         |     5 |       ||     5
       Tentacles         |     6 |       ||     6
       Rapier            |     4 |     4 ||     8
       Punch             |       |     1 ||     1
 Cast: Ensorcelled Hiber |       |     1 ||     1
Evoke: Wand              |       |     1 ||     1
  Use: Potion            |     4 |     1 ||     5
 Stab: Sleeping          |     2 |     1 ||     3
       Distracted        |     1 |       ||     1
Armor: Skin              |     1 |       ||     1
Dodge: Dodged            |    15 |     4 ||    19

Table legend: (Time is in decaauts)
 A = Elapsed time spent in this place.
 B = Non-inter-level travel time spent in this place.
 C = Inter-level travel time spent in this place.
 D = Time resting spent in this place.
 E = Time spent auto-exploring this place.
 F = Levels seen in this place.
 G = Mean time per level.
                   A        B        C        D        E       F      G
               +--------+--------+--------+--------+--------+-----+--------+
         Total |    275 |    275 |      0 |    151 |      0 |   1 |  275.0 |
       Dungeon |    275 |    275 |      0 |    151 |      0 |   1 |  275.0 |
               +--------+--------+--------+--------+--------+-----+--------+

Top non-repeatable levels by time:
       D: 275 daAuts
